 Dungeon Crawl Stone Soup version 0.26.1-11-gd32895ea62 (webtiles) character file.

Game seed: 10319865172461610917

2352 adizb the Protected (level 9, 0/66 HPs)
             Began as a Barachi Fighter on June 27, 2021.
             Was an Initiate of the Shining One.
             Succumbed to Grum's poison
             ... on level 8 of the Dungeon on June 28, 2021.
             The game lasted 00:44:05 (4782 turns).

adizb the Protected (Barachi Fighter)               Turns: 4782, Time: 00:44:06

Health: 0/66       AC:  5    Str: 18    XL:     9   Next: 43%
Magic:  9/9        EV: 16    Int: 11    God:    the Shining One [......]
Gold:   361        SH:  0    Dex: 14    Spells: 8/8 levels left

rFire    + + .     SeeInvis .   a - +1 long sword
rCold    + . .     Faith    .   (no shield)
rNeg     . . .     Spirit   +   (no armour)
rPois    +         Reflect  .   o - +1 helmet
rElec    +         Harm     .   e - +0 cloak
rCorr    +         Rampage  .   C - +0 pair of gloves
Will     +....                  (no boots)
Stlth    +.........             b - amulet of guardian spirit
HPRegen  0.21/turn              u - ring of protection from fire
MPRegen  0.11/turn              (no ring)

@: lethally poisoned (0 -> -4), resistant, can't hop, contaminated, glowing,
slow
A: +LOS, swims, clever 1, frail 1, strong-willed 1, slowness 1, strong legs 1
a: Hop, Renounce Religion


You were on level 8 of the Dungeon.
You worshipped the Shining One.
The Shining One was noncommittal.
You visited 2 branches of the dungeon, and saw 9 of its levels.

You collected 361 gold pieces.

Inventory:

Hand Weapons
 a - a +1 long sword (weapon)
Missiles
 d - a throwing net
Armour
 c - a +0 kite shield
 e - a +0 cloak (worn)
 o - a +1 helmet (worn)
 t - a +1 ring mail of poison resistance
 x - the +1 leather armour "Nofukuch" {Int+2}
   (You found it on level 4 of the Dungeon)

   It affects your intelligence (+2).
 C - a +0 pair of gloves (worn)
 D - the +1 scale mail "Duacurue" {*Contam Harm rElec MP+9 Slay+5}
   (You found it on level 8 of the Dungeon)

   It affects your accuracy and damage with ranged weapons and melee attacks
   (+5).
   It insulates you from electricity.
   It affects your magic capacity (+9).
   It causes magical contamination when unequipped.
   It increases damage dealt and taken.
Jewellery
 b - an amulet of guardian spirit (around neck)
 k - an uncursed ring of ice
 l - an uncursed ring of ice
 u - a ring of protection from fire (left hand)
Wands
 A - a wand of disintegration (10)
Scrolls
 f - a scroll of amnesia
 g - 2 scrolls of teleportation {unknown}
 h - a scroll of holy word {unknown}
 i - a scroll of identify
 j - 2 scrolls of random uselessness {unknown}
 n - 6 scrolls of fog {unknown}
 p - 2 scrolls of magic mapping
 r - 2 scrolls of enchant weapon
 s - 2 scrolls of enchant armour
 y - a scroll of blinking {unknown}
 B - a scroll of fear {unknown}
Potions
 w - a potion of brilliance
 z - 2 potions of might


   Skills:
 + Level 8.3 Fighting
 + Level 7.7 Long Blades
 + Level 8.3 Armour
 + Level 6.5 Dodging
 - Level 3.2 Shields


You had 8 spell levels left.
You didn't know any spells.
Your spell library contained the following spells:

 Spells                   Type           Power        Failure   Level
 Freeze                   Ice            0%           34%         1
 Frozen Ramparts          Ice            0%           71%         3
 Ozocubu's Armour         Ice            0%           71%         3
 Hailstorm                Conj/Ice       0%           98%         4
 Summon Ice Beast         Ice/Summ       0%           98%         4


Dungeon Overview and Level Annotations

Branches:
Dungeon (8/15)             Temple (1/1) D:7
   Lair: D:8-11

Altars:
Ashenzari
Cheibriados
Dithmenos
Elyvilon
Fedhas
Gozag
Hepliaklqana
Kikubaaqudgha
Makhleb
Nemelex Xobeh
Okawaru
Qazlal
Ru
Sif Muna
Trog
Uskayaw
Wu Jian
Xom
Yredelemnul
Zin
The Shining One


Innate Abilities, Weirdness & Mutations

You can be seen from farther away. (+LOS)
You can swim through water.
You cover ground slowly.
You can hop short distances.
Your mind is acute. (Int +2)
You are frail. (-10% HP)
You are strong-willed. (Will+)


Message History

* * * LOW HITPOINT WARNING * * *
You feel sick.
Okay, then.
* * * LOW HITPOINT WARNING * * *
You feel sick.
* * * LOW HITPOINT WARNING * * *
You feel sick.
Okay, then.
Hop to where?
Press: ? - help, Dir - move target Boing!
* * * LOW HITPOINT WARNING * * *
You feel sick.
* * * LOW HITPOINT WARNING * * *
You feel sick.
* * * LOW HITPOINT WARNING * * *
You feel sick.
Okay, then.
Keep equipping yourself?
You die...

#.# #..#*#.#*,***,* #.#
#..##.#,*,,,,,* #.#
#..#.#**,,,,*******
#.#########...#* **,,,,,,,,,*
#....<.......#.#**,*,,*****,*
###########(##*.#,**,,* **,**
#.......##,*.#,*,,* *,,,*
#.#####...##*#*,,,* *,*,*
#######.## #.##@##*,*,,# *,,,*
#....)...#* #.###.#,**,.# **,**
#.#####†..###.# ##.#**,.# *,*
,,,,,,.....##.# *## *..* *,**#
,****#####.##.# ###.,* *,,,.
,*,,,,,,,#.##.# #..,,* **,***
,,,,,_,,,#.##.# #.#*,# *,,,*
,*,,,,,,,#.##.######.##.## *,*,*
.#########...............##*,*,**


There were no monsters in sight!

Vanquished Creatures
  Prince Ribbit (D:7)
  Grum (D:8)
  A black bear (D:6)
  4 ice beasts
  An ogre (D:5)
  3 wolves (D:8)
  2 phantoms
  A sky beast (D:6)
  A centaur (D:8)
  2 bullfrogs (D:7)
  2 howler monkeys
  A bullfrog zombie (D:8)
  A quasit (D:7)
  3 hounds
  A bullfrog skeleton (D:3)
  A centaur skeleton (D:6)
  An orc priest (D:3)
  Jessica (D:2)
  3 iguanas
  3 worker ants
  A hound zombie (D:5)
  2 worker ant zombies (D:6)
  4 gnolls (D:4)
  A howler monkey skeleton (D:4)
  5 adders
  2 shadow imps
  2 ufetubi
  2 oozes
  2 worms (D:3)
  3 dart slugs
  4 leopard geckos
  12 orcs
  10 giant cockroaches
  3 goblins
  8 hobgoblins
  18 jackals
  A quokka (D:2)
  2 ball pythons (D:2)
  4 bats
  5 frilled lizards
  10 kobolds
  A quokka skeleton (D:4)
  7 rats
143 creatures vanquished.

Notes
Turn   | Place    | Note
-------+----------+-------------------------------------------
     0 | D:1      | adizb the Barachi Fighter began the quest for the Orb.
     0 | D:1      | Reached XP level 1. HP: 18/18 MP: 1/1
   207 | D:1      | Reached XP level 2. HP: 23/25 MP: 2/2
   420 | D:2      | Noticed Jessica
   450 | D:1      | Reached skill level 1 in Dodging
   500 | D:1      | Reached XP level 3. HP: 9/30 MP: 3/3
   801 | D:2      | Killed Jessica
   802 | D:2      | Reached XP level 4. HP: 24/37 MP: 4/4
  1051 | D:3      | Reached XP level 5. HP: 36/43 MP: 5/5
  1348 | D:3      | Reached skill level 5 in Armour
  1520 | D:4      | Reached skill level 5 in Fighting
  1520 | D:4      | Reached XP level 6. HP: 32/51 MP: 6/6
  1761 | D:4      | Got a polished leather armour
  1772 | D:4      | Identified the +1 leather armour "Nofukuch" {Int+2} (You
                  | found it on level 4 of the Dungeon)
  2301 | D:4      | You fall into a shaft and drop 1 floor!
  2301 | D:5      | Entered Level 5 of the Dungeon
  2346 | D:5      | Reached XP level 7. HP: 44/56 MP: 7/7
  2379 | D:5      | Reached skill level 5 in Long Blades
  2471 | D:5      | You fall into a shaft and drop 3 floors!
  2706 | D:7      | Reached XP level 8. HP: 29/65 MP: 6/8
  2785 | D:7      | Found a staircase to the Ecumenical Temple.
  2791 | Temple   | Entered the Ecumenical Temple
  2975 | Temple   | Became a worshipper of the Shining One
  3446 | D:5      | Reached skill level 5 in Dodging
  4069 | D:6      | Gained mutation: Your mind is acute. (Int +2) [potion of
                  | mutation]
  4069 | D:6      | Gained mutation: You are frail. (-10% HP) [potion of
                  | mutation]
  4069 | D:6      | Gained mutation: You are strong-willed. (Will+) [potion of
                  | mutation]
  4476 | D:7      | Reached XP level 9. HP: 57/64 MP: 7/9
  4553 | D:7      | Noticed Prince Ribbit
  4564 | D:7      | Killed Prince Ribbit
  4724 | D:8      | Got a faintly glowing scale mail
  4735 | D:8      | Identified the cursed +1 scale mail "Duacurue" {*Contam
                  | Harm rElec MP+9 Slay+5} (You found it on level 8 of the
                  | Dungeon)
  4747 | D:8      | Noticed Grum
  4759 | D:8      | Killed Grum
  4778 | D:8      | HP: 3/66 [poisoned by Grum]
  4781 | D:8      | HP: 1/66 [poisoned by Grum]
  4782 | D:8      | Succumbed to Grum's poison

Illustrated notes

Levels and vault maps discovered:
D:1:      eino_arrival_cavern_c, layout_basic
D:2:      layout_rooms, kennysheep_generic_room_16, uniq_jessica
D:3:      layout_rooms
D:4:      lemuel_upstairs_altar, layout_loops_corners, mrwooster_statue_mirror
D:5:      layout_cave_pods, wad_floor_pattern_untrapped
D:6:      layout_cave_pods
D:7:      layout_gridville, minmay_temple_entry_fiery, uniq_prince_ribbit1
D:8:      layout_loops_ring, vehumet_statue, minmay_guarded_unrand_variability,
          uniq_grum
Temple:   grunt_wide_crystal_templ

Skill      XL: |  1  2  3  4  5  6  7  8  9 |
---------------+----------------------------+-----
Fighting       | 4 5 6 7 8 |  8.3
Armour         | 4 5 6 7 8 |  8.3
Dodging        | 1 2 3 4 5 6 |  6.5
Long Blades    | 3 4 5 7 |  7.7
Shields        | |  3.2

Action                   |  1- 3 |  4- 6 |  7- 9 || total
-------------------------+-------+-------+-------++-------
Melee: Long sword        |   115 |   169 |   254 ||   538
 Abil: Hop               |     1 |       |     1 ||     2
  Use: Scroll            |     3 |     1 |    10 ||    14
       Potion            |       |     8 |     7 ||    15
Armor: Scale mail        |    63 |    68 |     6 ||   137
       Ring mail         |       |    16 |   113 ||   129
       Skin              |       |       |     5 ||     5
Dodge: Dodged            |    99 |   114 |   194 ||   407
       Rpst.: Long sword |    29 |    39 |    47 ||   115
